 Dungeon Crawl Stone Soup version 0.24-a0-736-g4e6fe308c7 (webtiles) character file.

Game seed: 1931540834172053468, levelgen mode: deterministic

210 MisterOstroum the Chiller (level 5, -6/40 HPs)
             Began as a Draconian Ice Elementalist on Oct 2, 2019.
             Splashed by Ijyb's acid (9 damage)
             ... on level 3 of the Dungeon.
             The game lasted 00:18:03 (2932 turns).

MisterOstroum the Chiller (DrIE)                    Turns: 2932, Time: 00:18:04

Health: -6/40      AC:  5    Str: 10    XL:     5   Next: 57%
Magic:  7/8        EV: 12    Int: 17    God:
Gold:   140        SH:  0    Dex: 11    Spells: 2/8 levels left

rFire    . . .     SeeInvis .   a - +1 spear (venom)
rCold    . . .     Gourm    .   (no shield)
rNeg     . . .     Faith    .   (armour unavailable)
rPois    .         Spirit   .   (helmet restricted)
rElec    .         Reflect  .   (no cloak)
rCorr    .         Harm     .   (no gloves)
MR       .....                  (no boots)
Stlth    ++........             (no amulet)
HPRegen  0.13/turn              (no ring)
MPRegen  0.11/turn              (no ring)

@: very slightly contaminated
A: unfitting armour, cold-blooded, AC +5
a: no special abilities


You were on level 3 of the Dungeon.
You were hungry.

You visited 1 branch of the dungeon, and saw 4 of its levels.

You collected 140 gold pieces.

Inventory:

Hand Weapons
 a - a +1 spear of venom (weapon)
 j - a +0 dagger
 o - a cursed -2 hunting sling
 q - a +1 dagger of venom
Missiles
 d - 81 stones (quivered)
 s - 8 silver boomerangs
Scrolls
 b - a scroll of enchant armour {unknown}
 c - a scroll of identify {unknown}
 k - a scroll of remove curse {@r2}
 n - a scroll of blinking {@r4}
 p - 2 scrolls of teleportation {unknown}
 r - 2 scrolls of amnesia {unknown}
 t - a scroll of noise {unknown}
Potions
 f - a potion of invisibility {unknown}
 g - a potion of cancellation {unknown}
 h - 3 potions of lignification {unknown}
 i - 2 potions of resistance {unknown}
 l - a potion of mutation {unknown}
Comestibles
 e - 9 rations
 m - a chunk of flesh


   Skills:
 + Level 1.2 Fighting
 - Level 2.0 Polearms
 - Level 1.7 Dodging
 - Level 2.0 Stealth
 - Level 2.0 Spellcasting
 + Level 1.6 Conjurations
 * Level 1.5 Charms
 - Level 5.0 Ice Magic


You had 2 spell levels left.
You knew the following spells:

 Your Spells              Type           Power        Failure   Level  Hunger
a - Freeze                Ice            ###.         2%          1    #......
b - Throw Frost           Conj/Ice       ##....       8%          2    ###....
c - Ozocubu's Armour      Chrm/Ice       ##......     16%         3    ###....

Your spell library contained the following spells:

 Spells                   Type           Power        Failure   Level  Hunger
 Throw Icicle             Conj/Ice       ##......     45%         4    #####..
 Summon Ice Beast         Ice/Summ       ##......     56%         4    #####..


Dungeon Overview and Level Annotations

Branches:
Dungeon (4/15)
 Temple: D:4-7

Altars:
Dithmenos
Hepliaklqana
Zin

Annotations:
D:2 1 runed translucent door, exclusion: door
D:3 Ijyb, Sigmund
D:4 Robin


Innate Abilities, Weirdness & Mutations

Your plain brown scales are hard. (AC +5)
You cannot fit into any form of body armour.
You are cold-blooded and may be slowed by cold attacks.


Message History

The howler monkey skeleton resists.
The howler monkey skeleton is lightly damaged.
You hit the howler monkey skeleton.
The howler monkey skeleton is moderately damaged.
You hear the slow rusting of a very distant drain.
The howler monkey skeleton misses you.
You hit the howler monkey skeleton.
The howler monkey skeleton is heavily damaged.
The howler monkey skeleton hits you but does no damage.
You puncture the howler monkey skeleton!
The howler monkey skeleton is almost destroyed.
The howler monkey skeleton misses you.
You hit the howler monkey skeleton.
The howler monkey skeleton is almost destroyed.
The howler monkey skeleton hits you.
You hit the howler monkey skeleton.
You destroy the howler monkey skeleton!
Found an escape hatch in the ceiling.
Found a trident.
d - 81 stones (gained 1)
Found 12 gold pieces.
t - a scroll labeled JAUCUFO XABUISM A goblin comes into view.
It is wielding a +0 dagger.
You see here 12 gold pieces.
A goblin and Robin come into view. 2 goblins come into view.
Robin shouts!
The goblin shouts!
A goblin comes into view.
A goblin comes into view. It is wielding a +0 dagger.
A hobgoblin comes into view. It is wielding a +0 club.
Robin throws the goblin at you!
The goblin shouts! x3; The hobgoblin shouts!
The goblin shouts!
You hit the goblin.
You kill the goblin!
A goblin comes into view.
Robin throws the goblin at you!
You closely miss the goblin.
A goblin comes into view. It is wielding a +0 club.
The goblin closely misses you. Robin throws the goblin at you!
The goblin shouts!
You hit the goblin.
You kill the goblin!
You hear a shout!
The goblin hits you with a +0 club.
A phantom comes into view.
A goblin comes into view. It is wielding a +0 club.
The goblin closely misses you.
Things that are here:
a goblin corpse x2
You see here 12 gold pieces.
Robin roars a battlecry!
The goblins go into a battle-frenzy!
You hear a shout!
Casting: Throw Frost (safe; 8% risk of failure)
Confirm with . or Enter, or press ? or * to list all spells.
Aiming: Throw Frost (safe; 8% risk of failure)
Press: ? - help, Shift-Dir - straight line, f - goblin
Aim: a goblin, wielding a +0 dagger (unusually strong)
The puff of frost hits the goblin.
The goblin is heavily wounded.
The goblin hits you with a +0 dagger.
There is an escape hatch in the ceiling here.
Attack whom?
Press: ? - help, Dir - move target cursor, f/p - goblin
Aim: a goblin, wielding a +0 dagger (heavily wounded, unusually strong)
You reach to attack!
You barely miss the goblin.
The goblin is heavily wounded.
Really go through this one-way escape hatch?
You are feeling hungry.
The goblin barely misses you. A mysterious force pulls you upwards.
The hatch slams shut behind you.
Level annotation: Sigmund 2 giant cockroaches, a hobgoblin, Ijyb and a dart slug come into view.
The dart slug launches a dart at you. The slug dart hits you.
Unknown command.
Okay, then.
Unknown command.
As you read the scroll labeled YCECAM HOIPUKESE, it crumbles to dust.
You feel blessed for a moment.
It was a scroll of remove curse.
The goblin hits you with a +0 dagger.
Blink to where?
Press: ? - help, Dir - move target cursor You are very lightly contaminated with residual magic.
As you read the scroll labeled PAEGOJ NEIKH, it crumbles to dust.
It was a scroll of blinking.
The dart slug launches a dart at you. The slug dart hits you.
Found an escape hatch in the floor.
Okay, then.
Ijyb shouts!
The giant cockroach closely misses you.
Ijyb zaps a wand.
The bolt of acid hits the dart slug!!
The dart slug is splashed with acid!
The acid corrodes the dart slug!
The dart slug dies!
The bolt of acid hits you!!
Ouch! That really hurt!
* * * LOW HITPOINT WARNING * * *
You are splashed with acid!
You die...

######## #....#
....... #....#
.....^. ######
....... #######
....... #.....#
.......
##########.....#
#######
##.......s..g...#
...#.#.#.#.g...s#
.....s.ยง....g..@#
...#.#.#.#......#
................#
...#.#.#.#.....>#
................#
...#.#.#.#.......
.................
.
............###..


You could see Ijyb, 2 giant cockroaches, a hobgoblin and a goblin.

Vanquished Creatures
  A crimson imp (D:3)
  A jelly (D:3)
  A howler monkey skeleton (D:4)
  5 adders
  2 oozes (D:1)
  2 worms (D:3)
  3 leopard geckos
  An orc (D:3)
  3 giant cockroaches
  9 goblins
  5 hobgoblins
  4 jackals (D:1)
  12 kobolds
  A quokka (D:3)
  A ball python (D:1)
  11 bats
  9 frilled lizards
  9 rats
80 creatures vanquished.

Vanquished Creatures (others)
  A dart slug (D:3)
1 creature vanquished.

Grand Total: 81 creatures vanquished

Notes
Turn   | Place    | Note
-------+----------+-------------------------------------------
     0 | D:1      | MisterOstroum the Draconian Ice Elementalist began the
                  | quest for the Orb.
     0 | D:1      | Reached XP level 1. HP: 14/14 MP: 3/3
   211 | D:1      | Reached XP level 2. HP: 16/20 MP: 0/5
   556 | D:1      | Reached skill level 4 in Ice Magic
   681 | D:1      | Reached XP level 3. HP: 26/26 MP: 3/6
   686 | D:1      | Learned a level 3 spell: Ozocubu's Armour
  1311 | D:2      | Reached skill level 1 in Polearms
  1311 | D:2      | Reached XP level 4. HP: 28/33 MP: 1/7
  1481 | D:2      | Learned a level 2 spell: Throw Frost
  1627 | D:2      | Found a shadowy altar of Dithmenos.
  1958 | D:2      | Found a runed translucent door.
  2147 | D:3      | Noticed Sigmund
  2227 | D:3      | Found a hazy altar of Hepliaklqana.
  2360 | D:3      | Reached skill level 5 in Ice Magic
  2397 | D:3      | Reached XP level 5. HP: 39/39 MP: 8/8
  2595 | D:3      | Reached skill level 1 in Fighting
  2595 | D:3      | Reached skill level 1 in Charms
  2790 | D:4      | Found a glowing silver altar of Zin.
  2910 | D:4      | Noticed Robin
  2914 | D:4      | Noticed a phantom
  2926 | D:3      | Noticed Ijyb
  2932 | D:3      | Splashed by Ijyb's acid

Levels and vault maps discovered:
D:1:      saegor_arrival_simple_b, layout_basic, serial_bayou,
          serial_bayou_pond_c, serial_bayou_ford_a, serial_bayou_pond_c,
          serial_bayou_pond_a
D:2:      layout_rooms, st_stairs_11, nicolae_dithmenos_through_a_glass_darkly,
          uniq_crazy_yiuf_cottage
D:3:      layout_basic, overflow_temple_1_default, serial_glass,
          glass_columns_c, glass_columns_c, first_ration, minmay_crystal_room,
          minmay_mini_jars, uniq_ijyb, uniq_sigmund
D:4:      layout_loops_ring, zin_scriptorium, cheibrodos_sewer_entry_bend,
          serial_shops, nicolae_shop_stone, shop, kennysheep_mini_moat,
          uniq_robin, uniq_eustachio

Skill      XL: |  1  2  3  4  5 |
---------------+----------------+-----
Ice Magic      | 4 5 |  5.0
Polearms       | 1 2 |  2.0
Fighting       | 1 |  1.2
Charms         | 1 |  1.5
Stealth        | 2 |  2.0
Dodging        | |  1.7
Spellcasting   | |  2.0
Conjurations   | |  1.6

Action                   |  1- 3 |  4- 6 || total
-------------------------+-------+-------++-------
Melee: Club              |     4 |       ||     4
       Dagger            |    21 |       ||    21
       Tailslap          |     1 |     3 ||     4
       Unarmed           |     1 |       ||     1
       Spear             |    15 |    66 ||    81
Throw: Stone             |     7 |     8 ||    15
 Cast: Freeze            |    45 |     8 ||    53
       Throw Frost       |       |    17 ||    17
  Use: Scroll            |       |     2 ||     2
 Stab: Sleeping          |     2 |     6 ||     8
  Eat: Chunk             |     1 |     7 ||     8
Armor: Skin              |    25 |    10 ||    35
Dodge: Dodged            |    41 |    22 ||    63

Table legend:
 A = Non-vault XP
 B = Vault XP
 C = Vault XP percentage of total XP
 D = Non-vault monster count
 E = Vault monster count
 F = Vault count percentage of total count
                 A         B        C        D         E       F
            +---------+---------+-------+---------+---------+-------
      Total |     180 |     121 |  40.2 |      67 |      13 |  16.2
            +---------+---------+-------+---------+---------+-------
        D:1 |      64 |       0 |   0.0 |      34 |       0 |   0.0
        D:2 |      48 |      16 |  25.0 |      16 |       3 |  15.8
        D:3 |      40 |     101 |  71.6 |      14 |       8 |  36.4
        D:4 |      28 |       4 |  12.5 |       3 |       2 |  40.0
            +---------+---------+-------+---------+---------+-------
